 Dungeon Crawl Stone Soup version 0.29-a0-214-g17f627cfee (webtiles) character file.

Game seed: 16622630312872192338

681 lunkers the Quickloader (level 7, -6/53 HPs)
             Began as a Demigod Hunter on Feb 24, 2022.
             Mangled by an ogre
             ... wielding a +0 giant club
              (20 damage)
             ... on level 6 of the Dungeon.
             The game lasted 00:07:38 (4649 turns).

lunkers the Quickloader (Demigod Hunter)            Turns: 4649, Time: 00:07:39

Health: -6/53      AC: 12    Str: 13    XL:     7   Next: 12%
Magic:  0/9        EV: 11    Int: 13    God:
Gold:   269        SH:  0    Dex: 22    Spells: 6/6 levels left

rFire   . . .      SeeInvis .   a - +2 hand crossbow
rCold   . . .      Faith    .   (no shield)
rNeg    . . .      Spirit   +   s - +0 ring mail
rPois   .          Reflect  .   j - +2 helmet
rElec   .          Harm     .   p - +0 cloak
rCorr   .          Rampage  .   (no gloves)
Will    .....                   f - +2 pair of boots
Stlth   +.........              r - amulet of guardian spirit
HPRegen 0.17/turn               (no ring)
MPRegen 0.11/turn               (no ring)

@: no status effects
A: high MP 1, forlorn, divine attributes
a: no special abilities


You were on level 6 of the Dungeon.
You visited 1 branch of the dungeon, and saw 6 of its levels.

You collected 269 gold pieces.

Inventory:

Hand Weapons
 a - a +2 hand crossbow (weapon)
 h - the +4 mace of Vanity {vorpal, rPois Int+3}
   (You found it on level 2 of the Dungeon)

   It inflicts extra damage upon your enemies.
   Int:       It affects your intelligence (+3).
   rPois:     It protects you from poison.
Armour
 b - a +1 leather armour
 f - a +2 pair of boots (worn)
 j - a +2 helmet (worn)
 p - a +0 cloak (worn)
 s - a +0 ring mail (worn)
Jewellery
 r - an amulet of guardian spirit (around neck)
Scrolls
 c - a scroll of identify
 m - a scroll of immolation {unknown}
 o - a scroll of magic mapping {unknown}
 q - 2 scrolls of fear
Potions
 d - a potion of ambrosia {unknown}
 e - a potion of berserk rage {unknown}
 g - 3 potions of might
 i - 2 potions of haste
 k - 2 potions of resistance {unknown}
 l - a potion of curing {unknown}
 n - a potion of lignification {unknown}


   Skills:
 - Level 1.7 Fighting
 * Level 8.3 Crossbows
 - Level 1.7 Dodging
 - Level 0.8 Stealth


You had 6 spell levels left.
You didn't know any spells.
Your spell library contained the following spells:

 Spells                   Type           Power      Damage    Failure   Level
 Animate Skeleton         Necr           0%         N/A       56%         1
 Apportation              Tloc           0%         N/A       56%         1
 Summon Small Mammal      Summ           0%         N/A       56%         1


Dungeon Overview and Level Annotations

Branches:
Dungeon (6/15)
 Temple: D:4-7

Annotations:
D:2 1 runed translucent door, Crazy Yiuf


Innate Abilities, Weirdness & Mutations

You have an increased reservoir of magic. (+10% MP)
You shall have no god before yourself.
Your divine heritage dramatically boosts your attributes as you level up.


Message History

An ogre is nearby!
An ogre is nearby!
You shoot a bolt. The ogre shouts!
The bolt hits the ogre.
The ogre is moderately wounded.
You shoot a bolt. The bolt hits the ogre.
The ogre is moderately wounded.
You shoot a bolt. The bolt completely misses the ogre.
You shoot a bolt. The bolt hits the ogre.
The ogre is moderately wounded.
You shoot a bolt. The bolt hits the ogre.
The ogre is heavily wounded.
You shoot a bolt. The bolt barely misses the ogre.
The ogre hits you with a +0 giant club!!
* * * LOW HITPOINT WARNING * * *
Unknown command.
Unknown command.
You are too injured to fight recklessly!
Unknown command.
Shoot: a) +2 hand crossbow
Press: ? - help, Shift-Dir - straight line, f/p - ogre
Aim: an ogre, wielding a +0 giant club (heavily wounded, 81% to hit)
You shoot a bolt. The bolt completely misses the ogre.
The ogre hits you with a +0 giant club!
* * * LOW HITPOINT WARNING * * *
Shoot: a) +2 hand crossbow
Press: ? - help, Shift-Dir - straight line, f/p - ogre
Aim: an ogre, wielding a +0 giant club (heavily wounded, 81% to hit)
You shoot a bolt.
The bolt hits the ogre but does no damage.
The ogre is heavily wounded.
The ogre misses you.
Shoot: a) +2 hand crossbow
Press: ? - help, Shift-Dir - straight line, f/p - ogre
Aim: an ogre, wielding a +0 giant club (heavily wounded, 81% to hit)
You shoot a bolt. The bolt closely misses the ogre.
The ogre hits you with a +0 giant club!!
* * * LOW MAGIC WARNING * * *
You die...

#...#..#.............##. ..
##.................[###. ...
#......###.......#######
...##......###.......###....
...........#.............. .
.....#.##................ ...
.#...## ##....##.....<...
....##....####....###........
.........###@..#...##........
...........O..###..##........
.......#....### #.####.......
.......####.# .............
....#.. ### .#.......... ...
##. ##.......#. .. #.
###....... . #. #....... ..
#......#


You could see an ogre.

Vanquished Creatures
  A water moccasin (D:6)
  An ogre (D:6)
  An ice beast (D:6)
  A phantom (D:5)
  A water moccasin skeleton (D:4)
  An orc priest (D:5)
  An orc wizard (D:5)
  A killer bee zombie (D:4)
  A hound skeleton (D:4)
  Robin (D:2)
  5 adders
  2 howler monkey skeletons (D:4)
  2 adder skeletons (D:4)
  A dart slug (D:1)
  10 orcs
  9 ball pythons
  8 endoplasms
  3 giant cockroaches
  12 goblins
  7 hobgoblins
  4 jackals (D:2)
  3 quokkas
  12 bats
  4 frilled lizards
  10 kobolds
  2 rats
104 creatures vanquished.

Notes
Turn   | Place    | Note
-------+----------+-------------------------------------------
     0 | D:1      | lunkers the Demigod Hunter began the quest for the Orb.
     0 | D:1      | Reached XP level 1. HP: 17/17 MP: 3/3
   116 | D:1      | Reached skill level 4 in Crossbows
   195 | D:1      | Reached XP level 2. HP: 24/24 MP: 4/4
   663 | D:1      | Reached XP level 3. HP: 29/29 MP: 5/5
   854 | D:2      | Identified the +4 mace of Vanity {vorpal, rPois Int+3}
   949 | D:2      | Noticed Robin
   990 | D:2      | Killed Robin
   991 | D:2      | Reached skill level 5 in Crossbows
  1640 | D:2      | Reached XP level 4. HP: 36/36 MP: 6/6
  2013 | D:2      | Found a runed translucent door.
  2014 | D:2      | Noticed Crazy Yiuf
  3006 | D:4      | Reached skill level 6 in Crossbows
  3006 | D:4      | Reached XP level 5. HP: 41/41 MP: 7/7
  3576 | D:5      | Entered Level 5 of the Dungeon
  3825 | D:5      | Upgraded the game from 0.29-a0-207-gf982a884d8 to
                  | 0.29-a0-214-g17f627cfee
  3882 | D:5      | Reached skill level 7 in Crossbows
  3882 | D:5      | Reached XP level 6. HP: 30/48 MP: 5/8
  4613 | D:6      | Noticed a water moccasin
  4625 | D:6      | Reached skill level 8 in Crossbows
  4628 | D:6      | Killed a water moccasin
  4629 | D:6      | Reached XP level 7. HP: 44/53 MP: 7/9
  4649 | D:6      | Mangled by an ogre

Illustrated notes

Levels and vault maps discovered:
D:1:      minmay_arrival_solitary_statue, layout_basic, st_stairs_13,
          minivault_26
D:2:      layout_loops_ring, basic_altar, shapermc_ecumenical_altar_venn,
          uniq_crazy_yiuf_cottage, uniq_robin
D:3:      layout_rooms
D:4:      minmay_inner_zag, layout_loops_ring
D:5:      nicolae_cairo_tiling_large, layout_loops_ring, kennysheep_mini_moat
D:6:      layout_cave_pools, lemuel_doored_altar, mainiacjoe_overflow_alcove_3,
          feat_on_display, uniq_duvessa

Skill      XL: |  1  2  3  4  5  6 |
---------------+-------------------+-----
Crossbows      | 4 5 6 7 8 |  8.3
Fighting       | |  1.7
Dodging        | |  1.7
Stealth        | |  0.8

Action                   |  1- 3 |  4- 6 |  7- 9 || total
-------------------------+-------+-------+-------++-------
 Fire: Hand crossbow     |   150 |   168 |     9 ||   327
  Use: Scroll            |       |     9 |       ||     9
Armor: Leather armour    |    38 |    35 |       ||    73
       Ring mail         |       |     3 |       ||     3
Dodge: Dodged            |    59 |    64 |     1 ||   124

Table legend: (Time is in decaauts)
 A = Elapsed time spent in this place.
 B = Non-inter-level travel time spent in this place.
 C = Inter-level travel time spent in this place.
 D = Time resting spent in this place.
 E = Time spent auto-exploring this place.
 F = Levels seen in this place.
 G = Mean time per level.
                   A        B        C        D        E       F      G
               +--------+--------+--------+--------+--------+-----+--------+
         Total |   4739 |   4546 |    193 |    449 |   3374 |   6 |  789.8 |
       Dungeon |   4739 |   4546 |    193 |    449 |   3374 |   6 |  789.8 |
               +--------+--------+--------+--------+--------+-----+--------+

Top non-repeatable levels by time:
     D:1: 1127 daAuts
     D:4: 1028 daAuts
     D:2: 1023 daAuts
     D:5: 943 daAuts
     D:3: 471 daAuts
     D:6: 145 daAuts
